 Dungeon Crawl Stone Soup version 0.22-a0-815-gb582571 (webtiles) character file.

1 robertstho the Grave Robber (level 1, -4/14 HPs)
             Began as a Ghoul Necromancer on July 23, 2018.
             Slain by a kobold
             ... wielding a +0 club
              (6 damage)
             ... on level 1 of the Dungeon.
             The game lasted 00:01:12 (176 turns).

robertstho the Grave Robber (Ghoul Necromancer)      Turns: 176, Time: 00:01:12

Health: -4/14      AC:  2    Str: 11    XL:     1   Next: 20%
Magic:  2/2        EV: 12    Int: 10    God:
Gold:   6          SH:  0    Dex:  9    Spells: 2/3 levels left

rFire    . . .     SeeInvis .   (no weapon)
rCold    + . .     Gourm    .   (no shield)
rNeg     + + +     Faith    .   a - +0 robe
rPois    ∞         Spirit   .   (no helmet)
rElec    .         Reflect  .   (no cloak)
rCorr    .         Harm     .   (no gloves)
MR       .....                  (no boots)
Stlth    ++........             (no amulet)
HPRegen  0.00/turn              (no ring)
MPRegen  0.08/turn              (no ring)

@: rotting
A: rotting body, claws 1, carnivore, cold resistance 1, negative energy
resistance 3, inhibited regeneration, torment resistance, unbreathing
a: no special abilities


You were on level 1 of the Dungeon.
You were not hungry.

You visited 1 branch of the dungeon, and saw 1 of its levels.

You collected 6 gold pieces.

Inventory:

Armour
 a - a +0 robe (worn)
Comestibles
 c - a ration


   Skills:
 + Level 1.7 Dodging
 + Level 2.1 Stealth
 + Level 1.7 Spellcasting
 * Level 4.0 Necromancy


You had 2 spell levels left.
You knew the following spells:

 Your Spells              Type           Power        Failure   Level  Hunger
a - Pain                  Necr           #...         6%          1    ##.....

Your spell library contained the following spells:

 Spells                   Type           Power        Failure   Level  Hunger
 Animate Dead             Necr           N/A          52%         4    #####..
 Animate Skeleton         Necr           N/A          6%          1    ##.....
 Vampiric Draining        Necr           #.........   19%         3    ####...
 Regeneration             Chrm/Necr      #.........   38%         3    ####...


Dungeon Overview and Level Annotations

Branches:
Dungeon (1/15)

Altars:


Innate Abilities, Weirdness & Mutations

Your body is rotting away.
You thrive on raw meat.
You are immune to poison.
You have sharp fingernails.
You are carnivorous and can eat meat at any time.
Your flesh is cold resistant. (rC+)
You are immune to negative energy. (rN+++)
You do not regenerate when monsters are visible.
You are immune to unholy pain and torment.
You can survive without breathing.


Message History

Confirm with . or Enter, or press ? or * to list all spells.
Aiming: Pain (safe; 6% risk of failure)
Press: ? - help, Shift-Dir - straight line, f/p - kobold
Aim: a kobold, wielding a club (chance to defeat MR: 76%)
The kobold writhes in agony!
The kobold hits you with a club.
* * * LOW HITPOINT WARNING * * *
You see here 3 stones.
The kobold throws a stone.
The stone completely misses you.
The kobold throws a stone.
The stone barely misses you.
A rat comes into view.
A hobgoblin comes into view. It is wielding a club.
The kobold throws a stone.
The stone misses you.
You see here a stone.
You aren't carrying any potions.
Unknown command.
As you read the scroll labeled MINGA ECOFOB, it crumbles to dust.
It is a scroll of amnesia.
Okay, then.
The kobold hits you with a club.
You die...

...............# ..
#.#.#.#.#.#.#.#.#. ...
##........$........
#..
#.#.#.#.#.#.#.#.#.#
#.##...........(......
#...#.#.#.#.#.#.#(#.#.
# ....................
#..#.#.#.#.#.#.#.#.#.#
#....@KK..............
###.#.#.#.#.#.#.#.#.#.
##..................
#.#.#.#.#.#.#.#.#.#
##............(....
#.#.#.#.#(#.#.#.#.
##................
#.#.#.#.#.#.#.#..
#................


You could see 2 kobolds.

Vanquished Creatures
  A hobgoblin (D:1)
1 creature vanquished.

Notes
Turn   | Place    | Note
-------+----------+-------------------------------------------
     0 | D:1      | robertstho the Ghoul Necromancer began the quest for the Orb.
     0 | D:1      | Reached XP level 1. HP: 14/14 MP: 2/2
   176 | D:1      | Slain by a kobold

Vault maps used:
D:1:      dpeg_arrival_boxes_within_box, hex_large,
          kennysheep_decorative_pillar, kennysheep_doodads

Action                   || total
-------------------------++-------
Melee: Unarmed           ||    10
 Cast: Pain              ||     2
  Use: Scroll            ||     1
  Eat: Chunk             ||     1
Dodge: Dodged            ||    13

Table legend:
 A = Spawn XP
 B = Non-spawn XP
 C = Spawn XP percentage of total XP
 D = Spawn monster count
 E = Non-spawn monster count
 F = Spawn count percentage of total count
 G = Total turns spent on level
                    A         B        C        D         E        F      G
               +---------+---------+-------+---------+---------+-------+---------
         Total |       0 |       2 |   0.0 |       0 |       1 |   0.0 |   176
               +---------+---------+-------+---------+---------+-------+---------
           D:1 |       0 |       2 |   0.0 |       0 |       1 |   0.0 |   176
               +---------+---------+-------+---------+---------+-------+---------
